 Dungeon Crawl Stone Soup version 0.31-a0-940-gdaa99269f9 (webtiles) character file.

Game seed: 5547948193329357794

155340 miscthings the Stickfighter (level 17, -18/133 HPs)
             Began as a Gnoll Artificer on Oct 21, 2023.
             Was the Champion of Hepliaklqana.
             Killed from afar by a deep elf annihilator (36 damage)
             ... with a bolt of lightning
             ... on level 3 of the Elven Halls.
             The game lasted 01:23:38 (22628 turns).

miscthings the Stickfighter (Gnoll Artificer)      Turns: 22628, Time: 01:23:38

Health: -18/133    AC: 11    Str: 11    XL:     17   Next: 64%
Magic:  18/33      EV: 24    Int: 25    God:    Hepliaklqana [******]
Gold:   2032       SH: 14    Dex: 18    Spells: 11/40 levels left

rFire   + + .        g - +10 trident of Vanity {vamp, Will+}
rCold   + + .        a - +0 kite shield
rNeg    . . .        R - +2 robe {rC+ rF+}
rPois   +            x - +2 helmet
rElec   .            O - +0 cloak
rCorr   .            (no gloves)
SInv    +            L - +0 pair of boots of the Accordion {rF+ rC+}
Will    ++...        Y - amulet of regeneration
Stlth   +++++        J - +5 ring of evasion
HPRegen 1.22/turn    f - ring of Exzol {rPois Str-5 Int+10 Dex+6 SInv}
MPRegen 0.23/turn

%: clarity
@: mighty, hasted (expiring), studying 2 skills, very quick
A: reduced essence, fangs 1, strong nose, distributed training, clarity, robust
1, MP-powered wands
a: Renounce Religion, Recall Ancestor, Ancestor Identity, Transference, Idealise


You were on level 3 of the Elven Halls.
You worshipped Hepliaklqana.
Hepliaklqana was exalted by your worship.
You visited 5 branches of the dungeon, and saw 26 of its levels.
You also visited: Sewer and Gauntlet.

You collected 3591 gold pieces.
You spent 1559 gold pieces at shops.

Inventory:

Hand Weapons
 g - the +10 trident of Vanity (weapon) {vamp, Will+}
   (You found it on level 9 of the Dungeon)

   Will+:     It increases your willpower.
 Q - the +7 war axe of Benn {freeze, rPois Will+ Str+3}
   (You found it on level 1 of the Lair of Beasts)

   Str+3:     It affects your strength (+3).
   rPois:     It protects you from poison Will+: It increases your willpower.
Missiles
 p - 3 throwing nets
 r - 9 silver javelins
 N - 5 curare-tipped darts (quivered)
Armour
 a - a +0 kite shield (worn)
 l - a +4 chain mail of fire resistance
 x - a +2 helmet (worn)
 L - the +0 pair of boots of the Accordion (worn) {rF+ rC+}
   (You found it in a Gauntlet)

   rF+:       It protects you from fire.
   rC+:       It protects you from cold.
 O - a +0 cloak (worn)
 R - a +2 robe of resistance (worn)
Jewellery
 f - the ring of Exzol (right hand) {rPois Str-5 Int+10 Dex+6 SInv}
   (You bought it in a shop on level 1 of the Elven Halls)

   [ring of dexterity]

   Str-5:     It affects your strength (-5).
   Int+10:    It affects your intelligence (+10).
   Dex+6:     It affects your dexterity (+6).
   rPois:     It protects you from poison SInv: It lets you see invisible.
 k - a ring of resist corrosion
 J - a +5 ring of evasion (left hand)
 Y - an amulet of regeneration (around neck)
Wands
 c - a wand of flame (76)
 d - a wand of charming (10)
 e - a wand of iceblast (1)
 D - a wand of digging (9)
 H - a wand of polymorph (16)
 P - a wand of paralysis (9)
 T - a wand of light (4)
 U - a wand of mindburst (8)
 Z - a wand of roots (2)
Scrolls
 b - 2 scrolls of fear
 i - 22 scrolls of teleportation
 m - a scroll of brand weapon
 o - a scroll of enchant weapon
 t - 2 scrolls of enchant armour
 u - a scroll of fog
 w - 6 scrolls of immolation
 y - 4 scrolls of revelation
 B - 3 scrolls of amnesia
 K - 9 scrolls of poison
 S - 5 scrolls of identify {@r1}
 W - a scroll of torment
 X - a scroll of blinking
Potions
 h - a potion of brilliance
 j - 3 potions of haste
 n - 7 potions of curing
 q - 2 potions of invisibility
 s - 2 potions of might
 v - 2 potions of resistance
 z - a potion of mutation
 A - 2 potions of ambrosia
 C - 2 potions of magic
 E - 3 potions of enlightenment
 G - 2 potions of berserk rage
 I - 3 potions of cancellation
 M - 3 potions of heal wounds
 V - 2 potions of attraction


   Skills:
 + Level 12.3 Fighting
 + Level 12.0 Short Blades
 + Level 12.0 Long Blades
 + Level 12.0 Axes
 + Level 12.0 Maces & Flails
 + Level 12.0 Polearms
 + Level 16.3 Staves
 + Level 12.0 Ranged Weapons
 + Level 12.0 Throwing
 + Level 12.8 Armour
 + Level 12.3 Dodging
 + Level 12.2 Stealth
 + Level 14.0 Shields
 + Level 12.0 Unarmed Combat
 + Level 12.0 Spellcasting
 + Level 10.1 Conjurations
 + Level 10.1 Hexes
 + Level 10.1 Summonings
 + Level 10.1 Necromancy
 + Level 10.1 Translocations
 + Level 10.1 Transmutations
 + Level 10.1 Fire Magic
 + Level 10.1 Ice Magic
 + Level 10.1 Air Magic
 + Level 10.1 Earth Magic
 + Level 10.1 Poison Magic
 + Level 13.0 Invocations
 + Level 13.5 Evocations
 + Level 11.0 Shapeshifting


You had 11 spell levels left.
You knew the following spells:

 Your Spells              Type           Power      Damage    Failure   Level
a - Ignition              Fire           30%        3d10      100%        8
b - Passage of Golubria   Tloc           60%        N/A       1%          4
c - Brom's Barrelling Bo  Conj/Erth      60%        2d8       1%          4
e - Freezing Cloud        Conj/Ice/Air   30%        6-21      3%          5
x - Summon Lightning Spi  Summ/Air       60%        N/A       1%          4
z - Olgreb's Toxic Radia  Pois           60%        N/A       1%          4

Your spell library contained the following spells:

 Spells                   Type           Power      Damage    Failure   Level
 Necrotise                Necr           100%       1d9       1%          1
 Sandblast                Erth           100%       2d20      1%          1
 Slow                     Hex            100%       N/A       1%          1
 Cigotuvi's Dreadful Rot  Necr/Pois/Air  100%       N/A       1%          2
 Ensorcelled Hibernation  Hex/Ice        100%       N/A       1%          2
 Jinxbite                 Hex            100%       N/A       1%          2
 Passwall                 Tmut/Erth      50%        N/A       1%          2
 Sublimation of Blood     Necr           60%        N/A       1%          2
 Wereblood                Tmut           60%        N/A       1%          2
 Confusing Touch          Hex            60%        N/A       1%          3
 Ignite Poison            Fire/Tmut/Pois 60%        N/A       1%          3
 Sigil of Binding         Hex            60%        N/A       1%          3
 Stone Arrow              Conj/Erth      100%       3d13      1%          3
 Summon Guardian Golem    Hex/Summ       60%        N/A       1%          3
 Tukima's Dance           Hex            60%        N/A       1%          3
 Vampiric Draining        Necr           60%        2d10      1%          3
 Anguish                  Hex/Necr       30%        N/A       1%          4
 Animate Armour           Summ/Erth      100%       N/A       1%          4
 Manifold Assault         Tloc           60%        N/A       1%          4
 Vhi's Electric Charge    Tloc/Air       100%       N/A       1%          4
 Agony                    Necr           60%        N/A       3%          5
 Arcjolt                  Conj/Air       30%        1d40      3%          5
 Lee's Rapid Deconstruct  Erth           30%        3d16*     3%          5
 Yara's Violent Unravell  Hex/Tmut       30%        3d13      3%          5
 Dispersal                Tloc           30%        N/A       21%         6
 Orb of Destruction       Conj           30%        9d10      73%         7
 Spellforged Servitor     Conj/Summ      30%        N/A       73%         7
 Summon Hydra             Summ           30%        N/A       73%         7
 Discord                  Hex            30%        N/A       100%        8
 Disjunction              Tloc           30%        N/A       100%        8
 Maxwell's Capacitive Co  Air            30%        ∞         100%        8


Dungeon Overview and Level Annotations

Branches:
Dungeon (15/15)            Temple (1/1) D:4            Lair (5/5) D:11
  Swamp (0/4) Lair:3        Snake (0/4) Lair:3        Slime (0/5) Lair:5
    Orc (2/2) D:9             Elf (3/3) Orc:2        Vaults (0/5) D:14
  Sewer (visited)         Gauntlet (visited)
 Depths: D:15

Altars:
Ashenzari
Cheibriados
Dithmenos
Elyvilon
Fedhas
Gozag
Hepliaklqana
Kikubaaqudgha
Makhleb
Nemelex Xobeh
Okawaru
Qazlal
Ru
Sif Muna
Trog
Uskayaw
Vehumet
Wu Jian
Xom
Yredelemnul
Zin
The Shining One
Jiyva
Lugonu

Shops:
D:2 ?   D:4 *   D:5 !   Orc:2 **[(*   Elf:1 :==

Portals:
Abyss: Lair:5

Annotations:
Lair:5 1 runed translucent door
Elf:2 3 runed translucent doors


Innate Abilities, Weirdness & Mutations

Your life essence is reduced to manifest your ancestor. (-10% HP)
You have very sharp teeth.
Your uncanny sense of smell can sniff out nearby items.
Your experience applies equally to all skills.
You possess an exceptional clarity of mind.
You are robust. (+10% HP)
You expend magic power (3 MP) to strengthen your wands.


Message History

You impale the ghostly deep elf elementalist!!
The ghostly deep elf elementalist is severely damaged.
Bozidara closely misses the +0 long sword of electrocution.
The +0 long sword of electrocution is engulfed in blazing flames.
The +0 long sword of electrocution hits you!
* * * LOW HITPOINT WARNING * * *
You are electrocuted!
* * * LOW HITPOINT WARNING * * *
The ghostly deep elf elementalist is engulfed in blazing flames.
The ghostly deep elf elementalist points next to Bozidara and mumbles some strange words.
The wall shatters!
The blast of rock fragments hits Bozidara!!
Bozidara the hexer explodes!
The fiery explosion engulfs the +0 long sword of electrocution!
The +0 long sword of electrocution resists.
The +0 long sword of electrocution is heavily damaged.
The fiery explosion engulfs you! You resist.
* * * LOW HITPOINT WARNING * * *
You puncture the ghostly deep elf elementalist!
You destroy the ghostly deep elf elementalist!
You are engulfed in blazing flames.
You resist.
* * * LOW HITPOINT WARNING * * *
The air elemental is engulfed in freezing vapours.
The deep elf annihilator is engulfed in blazing flames.
Flame seeps out of the deep elf annihilator.
The air elemental is engulfed in blazing flames.
The +0 long sword of electrocution is engulfed in blazing flames.
The +0 long sword of electrocution completely misses you.
Aiming: Throw Flame
Press: ? - help, Shift-Dir - straight line, f - +0 long sword of electrocution
Aim: a +0 long sword of electrocution (flame, heavily damaged, 55% to hit)
You feel a surge of power!
The puff of flame hits the +0 long sword of electrocution.
The +0 long sword of electrocution resists.
The +0 long sword of electrocution is severely damaged.
The deep elf annihilator is engulfed in blazing flames.
Flame seeps out of the deep elf annihilator.
The deep elf annihilator points at you and mumbles some strange words.
The bolt of lightning hits you!!!
You die...

#.# ###[###
##.....##
###.......###
#...........#
#...........#
#...........#
#...........#
#.○.○...§@§.#
#°..°..○§(§.#
###°°○.)§○###
##.○).○##
###e### .e)e∆
*.§§)e.)e
..§§.∆)∆))..
......§..)).


You could see 2 deep elf annihilators and a +0 long sword of electrocution.

Vanquished Creatures
  The ghost of Shayle the Bludgeoner, an adept OgHs of Ashenzari (Elf:3)
  Jorgrun (D:13)
  A deep elf master archer (Elf:3)
  2 deep elf blademasters (Elf:3)
  A deep elf sorcerer (Elf:3)
  3 deep elf elementalists (Elf:3)
  8 deep elf annihilators (Elf:3)
  2 deep elf demonologists (Elf:3)
  A minotaur (Gauntlet)
  2 deep elf death magi
  Josephine (D:10)
  A deep elf high priest (Elf:3)
  8 vault guards (D:14)
  A boulder beetle (D:13)
  A hydra (Lair:2)
  A two-headed ogre (D:14)
  A death knight (D:15)
  2 centaur warriors
  A catoblepas (Lair:2)
  14 dancing weapons
  2 large abominations (Lair:5)
  An orc high priest (Elf:3)
  3 thrashing horrors (Lair:5)
  10 deep elf knights
  A fire crab (shapeshifter) (Elf:1)
  A fire crab (Gauntlet)
  A skyshark (Lair:3)
  Nergalle (D:12)
  The ghost of Darius099 the Severer, a novice MiFi of Okawaru (D:8)
  6 skeletal warriors
  10 deep elf archers
  28 deep elf zephyrmancers
  Pikel (D:8)
  7 orc knights (Orc:2)
  An ugly thing (D:13)
  23 deep elf pyromancers
  An orc sorcerer (Orc:2)
  2 cyclopes
  2 oklob plants
  3 elephants
  A manticore (D:14)
  A black mamba (shapeshifter) (Elf:1)
  5 black mambas
  A guardian serpent (Elf:2)
  9 cane toads
  A gargoyle (D:12)
  3 rime drakes
  A freezing wraith (D:14)
  A tengu conjurer (D:14)
  4 komodo dragons
  3 trolls
  7 hornets
  A meliai (shapeshifter) (D:14)
  2 meliai (D:14)
  2 polar bears
  A tarantella (shapeshifter) (Lair:5)
  Prince Ribbit (D:6)
  15 blink frogs
  2 raiju (Lair:5)
  An air elemental (Elf:1)
  Sigmund (D:3)
  4 slime creatures
  2 ynoxinuls (Lair:5)
  4 centaur simulacra (Gauntlet)
  2 water elementals
  7 wraiths
  A spriggan (Lair:5)
  4 shadows (D:9)
  2 basilisks
  2 fire bats (Gauntlet)
  25 yaks
  3 fire elementals
  3 steam dragons
  4 vampire mosquitoes (D:11)
  Menkaure (D:6)
  A naga (Lair:3)
  5 wargs
  4 acid dragons
  6 water moccasins
  A hell hound (Gauntlet)
  2 black bears
  30 orc warriors
  3 ice beasts
  The ghost of Forgeling the Slasher, an amateur AtFi (D:3)
  2 wolves (Lair:2)
  5 ogres
  10 centaurs
  4 lemures (D:8)
  3 phantoms
  7 bullfrogs
  A necrophage (D:9)
  2 earth elementals (Elf:2)
  A hornet simulacrum (Gauntlet)
  5 small abominations (Lair:5)
  14 wights
  A troll zombie (D:9)
  2 howler monkeys
  2 electric eels (Lair:5)
  A spectral centaur (D:8)
  A crimson imp (D:4)
  2 hounds (D:5)
  A human zombie (D:9)
  A jelly (D:5)
  13 orc priests
  Jessica (D:3)
  4 iguanas
  A hexer (D:8)
  21 orc wizards
  5 hell rats
  4 ogre zombies (D:9)
  3 mummies (D:9)
  A howler monkey zombie (D:9)
  7 adders
  9 gnolls
  3 shadow imps
  2 white imps
  2 ufetubi (D:5)
  5 worms
  A dart slug (D:5)
  77 orcs
  10 endoplasms
  2 giant cockroaches
  2 gnoll zombies (D:9)
  8 goblins
  4 hobgoblins
  8 jackals
  8 quokkas
  4 ball pythons
  11 bats
  6 frilled lizards
  2 gnoll skeletons (D:9)
  A goblin zombie (D:4)
  5 hobgoblin zombies (D:4)
  14 kobolds
  A kobold skeleton (D:4)
  4 orc skeletons
  7 orc zombies (D:9)
  9 rats
668 creatures vanquished.

Vanquished Creatures (collateral kills)
  2 deep elf sorcerers
  A deep elf elementalist (Elf:3)
  A deep elf demonologist (Elf:3)
  A deep elf annihilator (Elf:2)
  2 hydras
  A catoblepas (Lair:5)
  5 dancing weapons
  4 centaur warriors
  A boulder beetle (Lair:5)
  A death yak (Lair:4)
  A thrashing horror (Lair:5)
  A lindwurm (shapeshifter) (Lair:5)
  An orc knight (Orc:2)
  3 deep elf zephyrmancers
  8 deep elf pyromancers
  2 ugly things
  5 elephants
  4 black mambas
  2 cyclopes
  Joseph (D:8)
  5 cane toads
  2 komodo dragons
  A freezing wraith (D:14)
  A yaktaur (D:15)
  A troll (D:10)
  A meliai (D:14)
  A polar bear (Lair:5)
  A hornet (Lair:4)
  10 blink frogs
  2 wraiths (D:12)
  A wyvern (D:11)
  A water elemental (Elf:1)
  A ynoxinul (Lair:5)
  18 yaks
  A basilisk (Lair:3)
  2 fire bats (Gauntlet)
  A steam dragon (D:10)
  2 chaos spawn (Lair:5)
  2 wargs
  2 nagas
  An acid dragon (D:9)
  3 water moccasins
  A sky beast (D:6)
  7 orc warriors
  2 ogres
  A wolf (Lair:2)
  2 small abominations (Lair:5)
  3 kobold brigands
  4 bullfrogs
  3 wights (D:8)
  An electric eel (Lair:5)
  A howler monkey (D:9)
  5 orc priests
  7 orc wizards
  An ogre zombie (D:9)
  4 mummies (D:9)
  2 gnolls
  A dart slug (D:5)
  15 orcs
  An endoplasm (D:3)
  2 gnoll zombies (D:9)
  A hobgoblin (D:3)
  8 kobolds
  3 orc zombies (D:9)
  5 boulders
187 creatures vanquished.

Vanquished Creatures (others)
  Snorg (D:13)
  5 deep elf knights
  A deep elf zephyrmancer (Elf:1)
  An acid dragon (Lair:5)
  A sky beast (D:5)
  A centaur zombie (D:8)
  29 hexers
  3 ancestors
  A gnoll (D:2)
  9 boulders
52 creatures vanquished.

Grand Total: 907 creatures vanquished

Notes
Turn   | Place    | Note
-------+----------+-------------------------------------------
     0 | D:1      | miscthings the Gnoll Artificer began the quest for the Orb.
     0 | D:1      | Reached XP level 1. HP: 17/17 MP: 1/1
   260 | D:1      | Found a faded altar of an unknown god.
   279 | D:1      | Reached XP level 2. HP: 12/23 MP: 2/2
   905 | D:2      | Reached XP level 3. HP: 27/28 MP: 3/3
   990 | D:2      | Found Noebooj's Magic Scroll Shoppe.
  1000 | D:2      | Bought a scroll of teleportation for 30 gold pieces
  1021 | D:2      | Reached skill level 1 in Invocations
  1030 | D:2      | Reached skill level 1 in Short Blades
  1030 | D:2      | Reached skill level 1 in Long Blades
  1030 | D:2      | Reached skill level 1 in Axes
  1030 | D:2      | Reached skill level 1 in Maces & Flails
  1030 | D:2      | Reached skill level 1 in Polearms
  1030 | D:2      | Reached skill level 1 in Staves
  1030 | D:2      | Reached skill level 1 in Ranged Weapons
  1030 | D:2      | Reached skill level 1 in Throwing
  1030 | D:2      | Reached skill level 1 in Shields
  1030 | D:2      | Reached skill level 1 in Unarmed Combat
  1030 | D:2      | Reached skill level 1 in Spellcasting
  1030 | D:2      | Reached XP level 4. HP: 34/34 MP: 5/5
  1049 | D:2      | Identified the +3 rapier of Wisdom {flame, Contam Fly rN+++
                  | Str+2}
  1064 | D:2      | Reached skill level 1 in Shapeshifting
  1096 | D:2      | Found a bloodstained altar of Trog.
  1139 | D:2      | Reached skill level 1 in Conjurations
  1139 | D:2      | Reached skill level 1 in Hexes
  1139 | D:2      | Reached skill level 1 in Summonings
  1139 | D:2      | Reached skill level 1 in Necromancy
  1139 | D:2      | Reached skill level 1 in Translocations
  1139 | D:2      | Reached skill level 1 in Transmutations
  1139 | D:2      | Reached skill level 1 in Fire Magic
  1139 | D:2      | Reached skill level 1 in Ice Magic
  1139 | D:2      | Reached skill level 1 in Air Magic
  1139 | D:2      | Reached skill level 1 in Earth Magic
  1139 | D:2      | Reached skill level 1 in Poison Magic
  1745 | D:3      | Noticed Sigmund
  1760 | D:3      | Killed Sigmund
  1761 | D:3      | Reached XP level 5. HP: 16/41 MP: 5/7
  1761 | D:3      | Reached XP level 6. HP: 19/47 MP: 5/8
  1808 | D:3      | Noticed Jessica
  1814 | D:3      | Killed Jessica
  1815 | D:3      | Reached skill level 2 in Staves
  1815 | D:3      | Reached skill level 5 in Armour
  2177 | D:3      | Found a glowing drain.
  2181 | Sewer    | Entered a sewer
  2391 | D:3      | Found a runed translucent gate.
  2410 | D:3      | Noticed an ice beast
  2410 | D:3      | Noticed Forgeling's ghost (amateur AtFi)
  2550 | D:3      | Found a runed translucent gate.
  2551 | D:3      | Found a runed translucent gate.
  2814 | D:4      | Found a glowing golden altar of the Shining One.
  2962 | D:4      | Found a staircase to the Ecumenical Temple.
  2972 | Temple   | Entered the Ecumenical Temple
  2984 | Temple   | Became a worshipper of Hepliaklqana the Forgotten
  3249 | D:4      | Found Fasinyucs's General Store.
  3651 | D:4      | Noticed a black bear
  3669 | D:4      | Killed a black bear
  3670 | D:4      | Reached XP level 7. HP: 51/52 MP: 10/10
  3781 | D:5      | Entered Level 5 of the Dungeon
  3956 | D:5      | Reached * piety under Hepliaklqana
  3973 | D:5      | Found Hefill's Distillery.
  3991 | D:5      | Bought a potion of berserk rage for 55 gold pieces
  4044 | D:5      | Reached skill level 3 in Staves
  4044 | D:5      | Reached XP level 8. HP: 45/54 MP: 12/12
  4755 | D:5      | Reached skill level 4 in Staves
  4770 | D:5      | Found a snail-covered altar of Cheibriados.
  5033 | D:6      | Noticed Prince Ribbit
  5043 | D:6      | Killed Prince Ribbit
  5044 | D:6      | Reached XP level 9. HP: 33/59 MP: 14/14
  5071 | D:6      | Noticed Menkaure
  5080 | D:6      | Killed Menkaure
  5117 | D:6      | Reached skill level 5 in Staves
  5124 | D:6      | Found a burning altar of Makhleb.
  5178 | D:6      | Reached skill level 5 in Fighting
  5178 | D:6      | Reached skill level 5 in Dodging
  5320 | D:6      | Found a broken altar of Ashenzari.
  5372 | D:6      | Found a blossoming altar of Fedhas.
  5771 | D:7      | Reached skill level 5 in Stealth
  5899 | D:7      | Found an iron altar of Okawaru.
  5943 | D:7      | Reached ** piety under Hepliaklqana
  5944 | D:7      | Remembered your ancestor Bozidara as a hexer
  6076 | D:7      | Reached skill level 5 in Invocations
  6220 | D:7      | Reached skill level 6 in Staves
  6302 | D:7      | Noticed Maggie
  6303 | D:7      | Maggie changed into Maggie the naga
  6303 | D:7      | Noticed Maggie
  6311 | D:7      | Killed Maggie the naga
  6446 | D:7      | Found a stormy altar of Qazlal.
  6631 | D:8      | Noticed a hornet
  6637 | D:8      | Paralysed by a hornet for 3 turns
  6638 | D:8      | Killed a hornet
  6639 | D:8      | Reached XP level 10. HP: 56/67 MP: 17/17
  6685 | D:8      | Found a glowing silver altar of Zin.
  6707 | D:8      | Reached skill level 5 in Short Blades
  6707 | D:8      | Reached skill level 5 in Long Blades
  6707 | D:8      | Reached skill level 5 in Axes
  6707 | D:8      | Reached skill level 5 in Maces & Flails
  6707 | D:8      | Reached skill level 5 in Polearms
  6707 | D:8      | Reached skill level 5 in Ranged Weapons
  6707 | D:8      | Reached skill level 5 in Throwing
  6707 | D:8      | Reached skill level 5 in Shields
  6707 | D:8      | Reached skill level 5 in Unarmed Combat
  6707 | D:8      | Reached skill level 5 in Spellcasting
  6718 | D:8      | Found a runed translucent gate.
  6719 | D:8      | Found a runed translucent gate.
  6750 | D:8      | Found a runed translucent gate.
  6752 | D:8      | Noticed Darius099's ghost (novice MiFi)
  6821 | D:8      | Found a bloodstained altar of Trog.
  6897 | D:8      | Noticed Pikel
  6913 | D:8      | Killed Pikel
  7012 | D:8      | Reached skill level 7 in Staves
  7227 | D:8      | Found a radiant altar of Vehumet.
  7228 | D:8      | Noticed Joseph
  7248 | D:8      | Reached skill level 5 in Shapeshifting
  7254 | D:8      | Killed Joseph
  7352 | D:8      | Noticed a cyclops
  7360 | D:8      | Killed a cyclops
  7470 | D:8      | Killed Darius099's ghost
  7623 | D:3      | Killed Forgeling's ghost
  7681 | D:2      | Bought a scroll of teleportation for 30 gold pieces
  7681 | D:2      | Bought 2 scrolls of teleportation for 60 gold pieces
  7909 | D:9      | Reached XP level 11. HP: 70/74 MP: 19/19
  7917 | D:9      | Reached skill level 8 in Staves
  7917 | D:9      | Reached skill level 5 in Conjurations
  7917 | D:9      | Reached skill level 5 in Hexes
  7917 | D:9      | Reached skill level 5 in Summonings
  7917 | D:9      | Reached skill level 5 in Necromancy
  7917 | D:9      | Reached skill level 5 in Translocations
  7917 | D:9      | Reached skill level 5 in Transmutations
  7917 | D:9      | Reached skill level 5 in Fire Magic
  7917 | D:9      | Reached skill level 5 in Ice Magic
  7917 | D:9      | Reached skill level 5 in Air Magic
  7917 | D:9      | Reached skill level 5 in Earth Magic
  7917 | D:9      | Reached skill level 5 in Poison Magic
  7976 | D:9      | Found a staircase to the Orcish Mines.
  7993 | D:9      | Reached *** piety under Hepliaklqana
  8344 | D:9      | Found a basalt altar of Yredelemnul.
  8504 | D:9      | Identified the +10 trident of Vanity {vamp, Will+}
  8749 | D:9      | Found a sacrificial altar of Ru.
  8848 | D:10     | Entered Level 10 of the Dungeon
  9073 | D:10     | Noticed Josephine
  9084 | D:10     | Killed Josephine
  9346 | D:10     | Found an opulent altar of Gozag.
  9349 | D:10     | Reached **** piety under Hepliaklqana
  9445 | D:10     | Reached skill level 9 in Staves
  9876 | D:11     | Identified the +2 short sword of Cesif {heavy, rC+}
 10024 | D:11     | Found a staircase to the Lair.
 10419 | D:12     | Reached XP level 12. HP: 61/81 MP: 22/22
 10618 | D:12     | Found a shimmering blue altar of Sif Muna.
 10787 | D:12     | Identified the +5 mace of Nuisamax {flame, Will+}
 10889 | D:12     | Noticed Nergalle
 10896 | D:12     | Killed Nergalle
 10967 | D:12     | Reached ***** piety under Hepliaklqana
 11086 | Lair:1   | Entered Level 1 of the Lair of Beasts
 11101 | Lair:1   | Identified the +7 war axe of Benn {freeze, rPois Will+
                  | Str+3}
 11208 | Lair:1   | Reached skill level 10 in Staves
 11826 | Lair:2   | Reached skill level 10 in Evocations
 11899 | Lair:2   | Noticed a catoblepas
 11917 | Lair:2   | Killed a catoblepas
 11948 | Lair:2   | Noticed a five-headed hydra
 11959 | Lair:2   | Killed a five-headed hydra
 12213 | Lair:2   | Reached XP level 13. HP: 80/89 MP: 24/24
 12474 | Lair:2   | Reached skill level 11 in Staves
 12806 | Lair:3   | Found a staircase to the Swamp.
 13146 | Lair:3   | Reached ****** piety under Hepliaklqana
 13160 | Lair:3   | Found a staircase to the Snake Pit.
 13884 | Lair:4   | Paralysed by a hornet for 1 turns
 14282 | Lair:5   | Entered Level 5 of the Lair of Beasts
 14291 | Lair:5   | Reached skill level 10 in Armour
 14307 | Lair:5   | Reached skill level 12 in Staves
 14347 | Lair:5   | HP: 2/90 [catoblepas (17)]
 14423 | Lair:5   | Found a runed translucent door.
 14450 | Lair:5   | Found a viscous altar of Jiyva.
 14450 | Lair:5   | Noticed an azure jelly
 14453 | Lair:5   | Found a staircase to the Slime Pits.
 14608 | Lair:5   | Reached XP level 14. HP: 74/97 MP: 20/26
 14787 | Lair:5   | Reached skill level 10 in Invocations
 14986 | Lair:5   | Identified the +0 scale mail "Cihemaeny" {-Tele rN+ Stlth+}
 15490 | Lair:5   | Found a corrupted altar of Lugonu.
 15490 | Lair:5   | Found a one-way gate to the infinite horrors of the Abyss.
 15496 | Lair:5   | Identified the +10 halberd "Jara Qofemn" {chaos, Will+
                  | Str-4 Dex+3}
 15838 | Orc:1    | Entered Level 1 of the Orcish Mines
 16165 | Orc:2    | Entered Level 2 of the Orcish Mines
 16328 | Orc:1    | Reached skill level 13 in Staves
 16491 | Orc:2    | Reached skill level 10 in Fighting
 16491 | Orc:2    | Reached skill level 10 in Dodging
 16523 | Orc:2    | Reached skill level 10 in Stealth
 16643 | Orc:2    | Reached skill level 10 in Shields
 16665 | Orc:2    | Found Dasewayl's Antique Weapon Shoppe.
 16665 | Orc:2    | Found Bihol's General Store.
 16686 | Orc:2    | Bought a potion of curing for 39 gold pieces
 16686 | Orc:2    | Bought a scroll of teleportation for 39 gold pieces
 16827 | Orc:2    | Found a staircase to the Elven Halls.
 16894 | Orc:2    | Found Doshraidutwi's Antique Armour Shoppe.
 16986 | Orc:2    | Bought a shiny helmet for 240 gold pieces
 17206 | Orc:2    | Found Lyhufega's Assorted Antiques.
 17206 | Orc:2    | Found Jucigiuno's General Store.
 17213 | Orc:2    | Bought a scroll of immolation for 56 gold pieces
 17512 | D:13     | Noticed Snorg
 17526 | D:13     | Killed Snorg
 17527 | D:13     | Reached XP level 15. HP: 78/103 MP: 16/28
 17577 | D:13     | HP: 3/103 [deep elf archer/arrow (6)]
 17579 | D:13     | Reached skill level 10 in Short Blades
 17579 | D:13     | Reached skill level 10 in Long Blades
 17579 | D:13     | Reached skill level 10 in Axes
 17579 | D:13     | Reached skill level 10 in Maces & Flails
 17579 | D:13     | Reached skill level 10 in Polearms
 17579 | D:13     | Reached skill level 10 in Ranged Weapons
 17579 | D:13     | Reached skill level 10 in Throwing
 17579 | D:13     | Reached skill level 10 in Unarmed Combat
 17579 | D:13     | Reached skill level 10 in Spellcasting
 17726 | D:13     | Learned a level 8 spell: Ignition
 17881 | D:13     | Noticed Jorgrun
 17892 | D:13     | Killed Jorgrun
 18277 | D:14     | Reached skill level 14 in Staves
 18312 | D:14     | Found a gate to the Vaults.
 18411 | D:14     | Found a gate leading to a gauntlet.
 18421 | Gauntlet | Entered a Gauntlet
 18421 | Gauntlet | Found a transporter.
 18421 | Gauntlet | Found a transporter.
 18431 | Gauntlet | Found a transporter.
 18434 | Gauntlet | Found a transporter.
 18442 | Gauntlet | Found a transporter.
 18445 | Gauntlet | Found a transporter.
 18461 | Gauntlet | Found a transporter.
 18467 | Gauntlet | Found a large runed translucent door.
 18468 | Gauntlet | Found a large runed translucent door.
 18469 | Gauntlet | Found a large runed translucent door.
 18469 | Gauntlet | Found a large runed translucent door.
 18470 | Gauntlet | Found a runed translucent gate.
 18471 | Gauntlet | Found a transporter.
 18471 | Gauntlet | Found a runed translucent gate.
 18472 | Gauntlet | Found a large runed translucent door.
 18472 | Gauntlet | Found a large runed translucent door.
 18472 | Gauntlet | Found a runed translucent door.
 18473 | Gauntlet | Found a large runed translucent door.
 18474 | Gauntlet | Found a large runed translucent door.
 18476 | Gauntlet | Found a transporter.
 18479 | Gauntlet | Found a transporter.
 18490 | Gauntlet | Found a transporter.
 18492 | Gauntlet | Found a transporter.
 18540 | Gauntlet | Found a large runed translucent door.
 18541 | Gauntlet | Found a large runed translucent door.
 18542 | Gauntlet | Found a large runed translucent door.
 18542 | Gauntlet | Found a large runed translucent door.
 18542 | Gauntlet | Found a runed translucent door.
 18543 | Gauntlet | Found a large runed translucent door.
 18544 | Gauntlet | Found a large runed translucent door.
 18545 | Gauntlet | Found a large runed translucent door.
 18545 | Gauntlet | Found a large runed translucent door.
 18546 | Gauntlet | Found a runed translucent gate.
 18616 | Gauntlet | Learned a level 4 spell: Summon Lightning Spire
 18659 | Gauntlet | Gained mutation: You have a pair of small antennae on your
                  | head. [potion of mutation]
 18698 | Gauntlet | Identified the +0 pair of boots "Kifeylat" {Str+3 Stlth+}
 18722 | Gauntlet | Lost mutation: You have a pair of small antennae on your
                  | head. [potion of mutation]
 18722 | Gauntlet | Gained mutation: You possess an exceptional clarity of
                  | mind. [potion of mutation]
 18722 | Gauntlet | Gained mutation: You expend magic power (3 MP) to
                  | strengthen your wands. [potion of mutation]
 18722 | Gauntlet | Gained mutation: You are robust. (+10% HP) [potion of
                  | mutation]
 18754 | Gauntlet | Identified the +0 pair of boots of the Accordion {rF+ rC+}
 19481 | D:15     | Entered Level 15 of the Dungeon
 19634 | D:14     | HP: 4/117 [freezing wraith[a death knight] (3)]
 19805 | Swamp:4  | Identified the "Etuvaq"
 19805 | Depths:2 | Identified the "Usar"
 19805 | Elf:1    | Entered Level 1 of the Elven Halls
 19982 | Elf:1    | Reached XP level 16. HP: 123/125 MP: 20/30
 20103 | Elf:1    | Reached skill level 10 in Shapeshifting
 20510 | Elf:1    | Reached skill level 15 in Staves
 20747 | Elf:1    | Paralysed by an air elemental for 1 turns
 20858 | Elf:1    | Found Dohiopuf's Book Emporium.
 20859 | Elf:1    | Found Waimuiru's Jewellery Boutique.
 20859 | Elf:1    | Found Vufe's Jewellery Boutique.
 20892 | Elf:1    | Learned a level 5 spell: Freezing Cloud
 20897 | Elf:1    | Learned a level 4 spell: Brom's Barrelling Boulder
 20902 | Elf:1    | Learned a level 4 spell: Olgreb's Toxic Radiance
 20907 | Elf:1    | Learned a level 4 spell: Passage of Golubria
 20907 | Elf:1    | Bought the ring of Exzol {rPois Str-5 Int+10 Dex+6 SInv}
                  | for 680 gold pieces
 20907 | Elf:1    | Bought an amulet of regeneration for 330 gold pieces
 20923 | Elf:1    | Identified a scroll of acquirement
 20925 | Elf:1    | Identified the of Onacaky (You acquired it on level 1 of
                  | the Elven Halls)
 20925 | Elf:1    | Acquired 1179 gold pieces
 21581 | Elf:2    | Reached XP level 17. HP: 132/133 MP: 32/32
 21623 | Elf:2    | Found a runed translucent gate.
 21623 | Elf:2    | Found a runed translucent gate.
 21623 | Elf:2    | Found a runed translucent gate.
 21906 | Elf:3    | Identified the "Utatzi"
 21906 | Elf:3    | Entered Level 3 of the Elven Halls
 22130 | Elf:3    | Noticed Shayle's ghost (adept OgHs)
 22134 | Elf:3    | Found a runed translucent door.
 22369 | Elf:3    | HP: 6/128 [disintegration (88)]
 22408 | Elf:3    | Killed Shayle's ghost
 22586 | Elf:3    | Noticed a deep elf master archer
 22590 | Elf:3    | Noticed a deep elf blademaster
 22592 | Elf:3    | Noticed a Hell Sentinel
 22599 | Elf:3    | Reached skill level 16 in Staves
 22600 | Elf:3    | Killed a deep elf master archer
 22601 | Elf:3    | Reached skill level 10 in Conjurations
 22601 | Elf:3    | Reached skill level 10 in Hexes
 22601 | Elf:3    | Reached skill level 10 in Summonings
 22601 | Elf:3    | Reached skill level 10 in Necromancy
 22601 | Elf:3    | Reached skill level 10 in Translocations
 22601 | Elf:3    | Reached skill level 10 in Transmutations
 22601 | Elf:3    | Reached skill level 10 in Fire Magic
 22601 | Elf:3    | Reached skill level 10 in Ice Magic
 22601 | Elf:3    | Reached skill level 10 in Air Magic
 22601 | Elf:3    | Reached skill level 10 in Earth Magic
 22601 | Elf:3    | Reached skill level 10 in Poison Magic
 22604 | Elf:3    | Killed a deep elf blademaster
 22607 | Elf:3    | Noticed a deep elf blademaster
 22624 | Elf:3    | Killed a deep elf blademaster
 22628 | Elf:3    | Killed from afar by a deep elf annihilator

Illustrated notes

Levels and vault maps discovered:
D:1:      amcnicky_arrival_choice, layout_basic,
          shapermc_ecumenical_altar_pompeii
D:2:      minmay_chambers_of_ones, layout_basic, basic_altar, serial_shops,
          nicolae_shop_tiny_glass
D:3:      minmay_inner_zag, layout_loops_ring, gammafunk_ghost_split,
          gup_sewer_entry_spiral, chequers_serial_rivers_micro_b, uniq_sigmund,
          uniq_jessica
D:4:      layout_basic, nicolae_tso_besieged_by_evil,
          minmay_temple_entry_large_hall, serial_shops,
          nicolae_shop_rolling_square, kennysheep_dice
D:5:      minmay_clustersquares, layout_loops_corners, slow_altar_2,
          serial_shops, kennysheep_little_box, minmay_manual_mares
D:6:      layout_loops_ring, overflow_temple_1_default, lightli_temple_of_fire,
          mainiacjoe_overflow_surrounded_room, dreamdust_princess_corridor,
          uniq_menkaure, uniq_prince_ribbit1
D:7:      layout_loops_corners, mainiacjoe_overflow_large_starburst, uniq_maggie
D:8:      layout_basic, nicolae_overflow_crystal_walls, vehumet_crystals,
          mainiacjoe_overflow_alcove_4, gammafunk_ghost_necromancy, uniq_joseph,
          uniq_pikel
D:9:      layout_roguey, lemuel_mausoleum_altar_yredelemnul,
          hangedman_ru_absence, zombieorc1_lemuel, grunt_decor_one_mirror
D:10:     layout_loops_corners, nicolae_gozag_cash_rules_everything_around_me,
          uniq_josephine
D:11:     layout_roguey, lair_entry_dummy
D:12:     layout_loops_ring, led_sif_pool, uniq_nergalle
D:13:     layout_roguey, uniq_snorg, uniq_jorgrun
D:14:     layout_stronghold, erik_vaults_2, serial_column_ruins,
          column_ruins_hut, column_ruins_columns_straight, column_ruins_grid_1,
          column_ruins_corridor_dead_end, gauntlet_entry_generic
D:15:     gammafunk_enter_depths_forms, layout_rooms,
          nicolae_concentric_dashed_squares_mild
Temple:   nicolae_temple_figure_zero
Lair:1:   layout_small_grid
Lair:2:   layout_regular_city
Lair:3:   layout_concentric_octagons, swamp_mist, guppyfry_snake_entry_island,
          grunt_megastairs_1, infiniplex_staircase_pool, serial_bayou_shore_b
Lair:4:   layout_hall_layers, st_stairs_5, dreamdust_wasp_nest
Lair:5:   hellmonk_lair_end_abyssal_woods, layout_gridlike, slime_entry_2,
          guppyfry_lair_drakes, serial_bayou_shore_a
Orc:1:    layout_caves
Orc:2:    st_orc_town, layout_caves, serial_shops, nicolae_shop_peninsula,
          nicolae_orc_lava_tube, nicolae_orc_rockfall
Elf:1:    layout_geoelf_diagonals, hangedman_elven_crosses_minicolossus,
          grunt_megastairs_3, minmay_shop_grove
Elf:2:    nicolae_elf_blades_splatter_lattice [mumra_blade_entry_bloodbath],
          layout_loops_cross, hangedman_elf_targeted_burst
Elf:3:    minmay_elf_hall_hex, layout_geoelf_diagonals,
          hellmonk_ghost_happy_afterlife

Skill      XL: |  1  2  3  4  5  6  7  8  9 10 11 12 13 14 15 16 17 |
---------------+----------------------------------------------------+-----
Invocations    | 1 2 3 4 5 6 7 8 9 10 11 12 13 | 13.0
Short Blades   | 1 2 3 4 5 6 7 8 9 10 11 12 | 12.0
Long Blades    | 1 2 3 4 5 6 7 8 9 10 11 12 | 12.0
Axes           | 1 2 3 4 5 6 7 8 9 10 11 12 | 12.0
Maces & Flails | 1 2 3 4 5 6 7 8 9 10 11 12 | 12.0
Polearms       | 1 2 3 4 5 6 7 8 9 10 11 12 | 12.0
Staves         | 1 2 3 4 6 7 9 10 12 13 14 15 16 | 16.3
Ranged Weapons | 1 2 3 4 5 6 7 8 9 10 11 12 | 12.0
Throwing       | 1 2 3 4 5 6 7 8 9 10 11 12 | 12.0
Shields        | 1 2 3 4 5 6 7 8 10 11 13 14 | 14.0
Unarmed Combat | 1 2 3 4 5 6 7 8 9 10 11 12 | 12.0
Spellcasting   | 1 2 3 4 5 6 7 8 9 10 11 12 | 12.0
Shapeshifting  | 1 2 3 4 5 6 7 8 9 10 11 | 11.0
Conjurations   | 1 2 3 4 5 6 7 8 9 10 | 10.1
Hexes          | 1 2 3 4 5 6 7 8 9 10 | 10.1
Summonings     | 1 2 3 4 5 6 7 8 9 10 | 10.1
Necromancy     | 1 2 3 4 5 6 7 8 9 10 | 10.1
Translocations | 1 2 3 4 5 6 7 8 9 10 | 10.1
Transmutations | 1 2 3 4 5 6 7 8 9 10 | 10.1
Fire Magic     | 1 2 3 4 5 6 7 8 9 10 | 10.1
Ice Magic      | 1 2 3 4 5 6 7 8 9 10 | 10.1
Air Magic      | 1 2 3 4 5 6 7 8 9 10 | 10.1
Earth Magic    | 1 2 3 4 5 6 7 8 9 10 | 10.1
Poison Magic   | 1 2 3 4 5 6 7 8 9 10 | 10.1
Fighting       | 3 4 5 6 7 8 9 10 11 12 | 12.3
Dodging        | 3 4 5 6 7 8 9 10 11 12 | 12.3
Stealth        | 3 4 5 6 7 8 9 10 11 12 | 12.2
Armour         | 5 6 7 8 9 10 11 12 | 12.8
Evocations     | 7 8 9 10 11 12 13 | 13.5

Action                     |  1- 3 |  4- 6 |  7- 9 | 10-12 | 13-15 | 16-18 || total
---------------------------+-------+-------+-------+-------+-------+-------++-------
  Melee: Club              |    30 |       |       |       |       |       ||    30
         Bite              |     9 |    14 |    37 |    78 |   168 |    53 ||   359
         Mace              |    56 |       |       |       |       |       ||    56
         Rapier            |       |   190 |   317 |   324 |       |       ||   831
         Punch             |       |     5 |     8 |    31 |    14 |       ||    58
         Trident           |       |       |       |   401 |  1366 |   580 ||  2347
  Throw: Javelin           |       |       |     6 |     2 |       |     3 ||    11
         Dart              |       |       |     2 |     2 |       |       ||     4
   Cast: Summon Lightning  |       |       |       |       |     1 |     2 ||     3
         Brom's Barrelling |       |       |       |       |       |    15 ||    15
         Freezing Cloud    |       |       |       |       |       |     3 ||     3
         Passage of Golubr |       |       |       |       |       |     2 ||     2
         Olgreb's Toxic Ra |       |       |       |       |       |     1 ||     1
 Invoke: Ancestor Identity |       |       |     1 |       |       |       ||     1
         Ancestor Life: He |       |       |     1 |       |       |       ||     1
         Transference      |       |       |       |       |     1 |       ||     1
         Recall Ancestor   |       |       |       |       |     1 |       ||     1
  Evoke: Wand              |     4 |     1 |     7 |    11 |    29 |    19 ||    71
    Use: Scroll            |       |     9 |     3 |    16 |     2 |     7 ||    37
         Potion            |       |       |     1 |     2 |     7 |     7 ||    17
   Stab: Sleeping          |     1 |     1 |       |       |     4 |     6 ||    12
         Distracted        |       |       |     2 |     9 |    25 |     5 ||    41
         Confused          |       |       |     2 |     9 |    31 |     2 ||    44
         Invisible         |       |       |       |     1 |     1 |       ||     2
         Petrified         |       |       |       |       |     1 |       ||     1
         Paralysed         |       |       |       |       |    39 |    31 ||    70
 Armour: Ring mail         |    64 |    38 |       |       |       |       ||   102
         Leather armour    |     3 |       |       |       |       |       ||     3
         Chain mail        |       |    88 |   306 |   426 |   629 |   169 ||  1618
         Robe              |       |       |       |       |     8 |   118 ||   126
  Dodge: Dodged            |   101 |    99 |   196 |   328 |   549 |   190 ||  1463
  Block: Kite shield       |       |       |       |       |   471 |   184 ||   655

Table legend: (Time is in decaauts)
 A = Elapsed time spent in this place.
 B = Non-inter-level travel time spent in this place.
 C = Inter-level travel time spent in this place.
 D = Time resting spent in this place.
 E = Time spent auto-exploring this place.
 F = Levels seen in this place.
 G = Mean time per level.
                   A        B        C        D        E       F      G
               +--------+--------+--------+--------+--------+-----+--------+
         Total |  22547 |  20875 |   1672 |    158 |  13672 |  28 |  805.2 |
       Dungeon |  13148 |  11918 |   1230 |    158 |   8152 |  15 |  876.5 |
        Temple |     22 |     12 |     10 |      0 |      0 |   1 |   22.0 |
          Lair |   4672 |   4434 |    238 |      0 |   3131 |   5 |  934.4 |
  Orcish Mines |   1504 |   1418 |     86 |      0 |    906 |   2 |  752.0 |
   Elven Halls |   2725 |   2619 |    106 |      0 |   1291 |   3 |  908.3 |
         Sewer |     71 |     71 |      0 |      0 |     29 |   1 |   71.0 |
      Gauntlet |    402 |    402 |      0 |      0 |    162 |   1 |  402.0 |
               +--------+--------+--------+--------+--------+-----+--------+

Top non-repeatable levels by time:
  Lair:5: 1354 daAuts
   Elf:1: 1174 daAuts
     D:5: 1165 daAuts
     D:9: 1140 daAuts
     D:3: 1057 daAuts
    D:10: 1049 daAuts
   Orc:2: 1027 daAuts
     D:4: 1013 daAuts
    D:14: 1002 daAuts
     D:8: 993 daAuts
  Lair:2: 941 daAuts
     D:7: 940 daAuts
     D:1: 920 daAuts
     D:2: 916 daAuts
  Lair:3: 899 daAuts
